 Dungeon Crawl Stone Soup version 0.28.0-47-ge53b351184 (webtiles) character file.

Game seed: 3158886999668213973

187 safid the Chopper (level 5, -15/46 HPs)
             Began as a Hill Orc Fighter on Apr 28, 2022.
             Demolished by an ogre
             ... wielding a +0 giant spiked club
              (28 damage)
             ... on level 5 of the Dungeon.
             The game lasted 00:03:18 (2244 turns).

safid the Chopper (Hill Orc Fighter)                Turns: 2244, Time: 00:03:18

Health: -15/46     AC:  9    Str: 21    XL:     5   Next: 66%
Magic:  5/5        EV:  9    Int:  8    God:
Gold:   87         SH:  4    Dex: 10    Spells: 4/4 levels left

rFire   . . .      SeeInvis .   a - +0 war axe
rCold   . . .      Faith    .   c - +0 buckler
rNeg    . . .      Spirit   .   b - +0 scale mail
rPois   .          Reflect  .   (no helmet)
rElec   .          Harm     .   (no cloak)
rCorr   .          Rampage  .   j - +0 pair of gloves
Will    .....                   i - +0 pair of boots
Stlth   ..........              (no amulet)
HPRegen 0.15/turn               (no ring)
MPRegen 0.09/turn               (no ring)

@: no status effects
A: no striking features
a: no special abilities


You were on level 5 of the Dungeon.
You visited 1 branch of the dungeon, and saw 5 of its levels.

You collected 87 gold pieces.

Inventory:

Hand Weapons
 a - a +0 war axe (weapon)
Armour
 b - a +0 scale mail (worn)
 c - a +0 buckler (worn)
 i - a +0 pair of boots (worn)
 j - a +0 pair of gloves (worn)
Scrolls
 f - a scroll of amnesia {unknown}
 k - 3 scrolls of enchant weapon {unknown}
 m - 3 scrolls of identify {unknown}
Potions
 d - 2 potions of might
 e - 3 potions of curing {unknown}
 g - a potion of invisibility {unknown}
 h - 2 potions of attraction {unknown}
 l - a potion of degeneration {unknown}
 n - a potion of lignification {unknown}
 o - 2 potions of haste {unknown}


   Skills:
 - Level 4.0 Fighting
 + Level 6.2 Axes
 - Level 4.0 Armour
 - Level 4.0 Shields


You had 4 spell levels left.
You didn't know any spells.
Your spell library was empty.

Dungeon Overview and Level Annotations

Branches:
Dungeon (6/15)
 Temple: D:4-7

Altars:
Ashenzari
Dithmenos


Message History

A centaur skeleton comes into view.
You block the water moccasin skeleton's attack.
The water moccasin skeleton barely misses you.
The centaur skeleton hits you.
The centaur skeleton kicks you but does no damage.
The centaur skeleton hits you but does no damage.
The centaur skeleton kicks you but does no damage.
The water moccasin skeleton barely misses you.
The centaur skeleton hits you but does no damage.
The centaur skeleton kicks you but does no damage.
The water moccasin skeleton barely misses you.
You block the water moccasin skeleton's attack.
Found a green potion.
The water moccasin skeleton bites you but does no damage.
You block the water moccasin skeleton's attack.
The water moccasin skeleton barely misses you.
The water moccasin skeleton bites you but does no damage.
You hit the water moccasin skeleton.
The water moccasin skeleton is lightly damaged.
The water moccasin skeleton closely misses you.
Unknown command.
You slash the water moccasin skeleton!
The water moccasin skeleton is heavily damaged.
The water moccasin skeleton bites you. x2
Unknown command.
You slash the water moccasin skeleton!
The water moccasin skeleton is severely damaged.
The water moccasin skeleton bites you but does no damage.
Unknown command.
You slash the water moccasin skeleton!
You destroy the water moccasin skeleton!
The ogre hits you with a +0 giant spiked club!!
Ouch! That really hurt!
* * * LOW HITPOINT WARNING * * *
Your Axes skill increases to level 6!
Unknown command.
You barely miss the ogre.
The ogre hits you with a +0 giant spiked club!!
Ouch! That really hurt!
You die...

...........######................
#...........# .. ............#
#.# #..!........# #.#
#...........##.# #..........O#.#
###.......#Z.# ####.......# #####
####....###@..# #......ZO####
#.######.## ## ##.# #.# ##


You could see an ogre and a centaur skeleton.

Vanquished Creatures
  2 water moccasin skeletons
  3 adders
  3 worms
  A dart slug (D:3)
  4 ball pythons
  7 endoplasms
  A giant cockroach (D:1)
  6 goblins
  3 hobgoblins
  3 quokkas
  7 bats
  3 frilled lizards
  6 kobolds
  6 rats
55 creatures vanquished.

Vanquished Creatures (others)
  3 plants (D:2)
3 creatures vanquished.

Grand Total: 58 creatures vanquished

Notes
Turn   | Place    | Note
-------+----------+-------------------------------------------
     0 | D:1      | safid the Hill Orc Fighter began the quest for the Orb.
     0 | D:1      | Reached XP level 1. HP: 19/19 MP: 1/1
   238 | D:1      | Reached skill level 3 in Axes
   238 | D:1      | Reached XP level 2. HP: 11/27 MP: 2/2
  1070 | D:2      | Found a broken altar of Ashenzari.
  1105 | D:2      | Reached XP level 3. HP: 30/33 MP: 3/3
  1237 | D:2      | Found a faded altar of an unknown god.
  1355 | D:2      | Reached XP level 4. HP: 23/40 MP: 4/4
  1363 | D:2      | Reached skill level 4 in Axes
  1907 | D:3      | Reached skill level 5 in Axes
  1907 | D:3      | Reached XP level 5. HP: 33/46 MP: 5/5
  2058 | D:3      | Found a shadowy altar of Dithmenos.
  2150 | D:3      | You fall into a shaft and drop 3 floors!
  2150 | D:6      | Found a broken altar of Ashenzari.
  2176 | D:5      | Entered Level 5 of the Dungeon
  2183 | D:5      | Noticed an ogre
  2244 | D:5      | Reached skill level 6 in Axes
  2244 | D:5      | Demolished by an ogre

Illustrated notes

Levels and vault maps discovered:
D:1:      tarquinn_simple_flora_water_b, layout_loops_ring, dk_noncrumbling_3
D:2:      layout_rooms, shapermc_ecumenical_altar_mp_urbaneastern, basic_altar
D:3:      layout_rooms, nicolae_dithmenos_through_a_glass_darkly
D:5:      layout_layer_cave, kennysheep_little_box, uniq_ijyb
D:6:      layout_basic, cheibrodos_ashenzari_chains, kiku_gazebo_garden_becter,
          temple_hall, serial_shops, nicolae_shop_behind_doors

Skill      XL: |  1  2  3  4  5 |
---------------+----------------+-----
Axes           | 3 5 6 |  6.2
Fighting       | 4 |  4.0
Armour         | 4 |  4.0
Shields        | 4 |  4.0

Action                   |  1- 3 |  4- 6 || total
-------------------------+-------+-------++-------
Melee: War axe           |    93 |    50 ||   143
Armor: Scale mail        |    37 |    31 ||    68
Dodge: Dodged            |    50 |    26 ||    76
Block: Buckler           |    28 |     9 ||    37
